 Dungeon Crawl Stone Soup version 0.24-a0-760-g74cc3ae (webtiles) character file.

Game seed: 9672158283533443481, levelgen mode: deterministic

41 pichaelthompson the Charmwright (level 3, -1/32 HPs)
             Began as a Deep Dwarf Skald on Oct 2, 2019.
             Was an Initiate of Ashenzari.
             Slain by a worm (8 damage)
             ... on level 2 of the Dungeon.
             The game lasted 00:03:19 (1214 turns).

pichaelthompson the Charmwright (Deep Dwarf Skald)  Turns: 1214, Time: 00:03:20

Health: -1/32      AC:  4    Str: 14    XL:     3   Next: 32%
Magic:  5/5        EV: 13    Int: 13    God:    Ashenzari [......]
Gold:   81         SH:  0    Dex: 15    Spells: 4/5 levels left

rFire    . . .     SeeInvis .   a - +0 hand axe
rCold    . . .     Gourm    .   (no shield)
rNeg     . . .     Faith    .   b - +0 leather armour
rPois    .         Spirit   .   (no helmet)
rElec    .         Reflect  .   (no cloak)
rCorr    .         Harm     .   e - +0 pair of gloves
MR       .....                  (no boots)
Stlth    +.........             (no amulet)
HPRegen  0.00/turn              h - +2 ring of dexterity
MPRegen  0.09/turn              (no ring)

@: non-regenerating
A: damage resistance, heal wounds, sense surroundings 1, no regeneration
a: Heal Wounds, Curse Item, Renounce Religion


You were on level 2 of the Dungeon.
You worshipped Ashenzari.
Ashenzari was noncommittal.
You were not hungry.

You visited 1 branch of the dungeon, and saw 2 of its levels.

You collected 81 gold pieces.

Inventory:

Hand Weapons
 a - a +0 hand axe (weapon)
Armour
 b - a +0 leather armour (worn)
 e - a +0 pair of gloves (worn)
Jewellery
 h - a +2 ring of dexterity (left hand)
Scrolls
 c - 2 scrolls of teleportation {unknown}
 g - 6 scrolls of remove curse
 j - a scroll of random uselessness {unknown}
Potions
 f - a potion of curing {unknown}
 k - a potion of haste {unknown}
 l - 2 potions of mutation {unknown}
 m - a potion of degeneration {unknown}
 n - a potion of berserk rage {unknown}
Comestibles
 d - 4 rations
 i - 3 chunks of flesh


   Skills:
 * Level 2.1 Fighting
 + Level 2.6 Axes
 * Level 1.7 Armour
 + Level 2.7 Dodging
 + Level 0.1 Stealth
 + Level 1.9 Spellcasting
 + Level 2.9 Charms


You had 4 spell levels left.
You knew the following spells:

 Your Spells              Type           Power        Failure   Level  Hunger
a - Infusion              Chrm           #...         10%         1    ##.....

Your spell library contained the following spells:

 Spells                   Type           Power        Failure   Level  Hunger
 Song of Slaying          Chrm           #.......     14%         2    ###....
 Shroud of Golubria       Chrm/Tloc      #.....       26%         2    ###....
 Spectral Weapon          Hex/Chrm       #.......     45%         3    ####...
 Regeneration             Chrm/Necr      Unusable     N/A         3    N/A

Dungeon Overview and Level Annotations

Branches:
Dungeon (2/15)

Altars:
Ashenzari
Elyvilon


Innate Abilities, Weirdness & Mutations

You are resistant to damage.
You can heal yourself by infusing magical energy.
You passively map a small area around you.
You do not regenerate.


Message History

i - 4 chunks of flesh (gained 2) Some of the chunks of flesh in your inventory have rotted away.
Things that are here:
a +0 club; a goblin corpse You butcher the goblin corpse.
i - 4 chunks of flesh (gained 1)
Things that are here:
a +0 club; a goblin skeleton You start waiting.
Eating one of 4 chunks of flesh.
You eat one of the 4 chunks of flesh.
This raw flesh tastes terrible.
Done waiting.
You start waiting.
Done waiting.
Okay, then.
You see here a +0 club.
There is a stone staircase leading up here.
A worm comes into view.
You hit the worm but do no damage. The worm bites you!
You die...

#.# * #.##........#.# #.# *
#.##.########.# # #.# #.##.####
#.# ###.## ,* #.......# #.#
.....# ####.##.#####.# ###..# *
#.##........ .....# #..........#
####.########.########)##########
#............w@...<..#
###..########.########.######
.....# #......# ###..# ######.#
#..# * #.# #..# #.#
###..########.# #.#
..............# #.# ........####
#.#


You could see a worm.

Vanquished Creatures
  A worm (D:2)
  2 leopard geckos (D:2)
  3 giant cockroaches
  2 goblins
  2 hobgoblins (D:2)
  6 jackals (D:2)
  A quokka (D:2)
  6 bats
  3 frilled lizards (D:2)
  4 kobolds
  4 rats
34 creatures vanquished.

Notes
Turn   | Place    | Note
-------+----------+-------------------------------------------
     0 | D:1      | pichaelthompson the Deep Dwarf Skald began the quest for
                  | the Orb.
     0 | D:1      | Reached XP level 1. HP: 19/19 MP: 3/3
   219 | D:1      | Reached XP level 2. HP: 20/26 MP: 4/4
   632 | D:2      | Found a shattered altar of Ashenzari.
   649 | D:2      | Became a worshipper of Ashenzari the Shackled
   775 | D:2      | Reached XP level 3. HP: 11/32 MP: 5/5
   896 | D:2      | Found a white marble altar of Elyvilon.
  1214 | D:2      | Slain by a worm

Levels and vault maps discovered:
D:1:      lightli_arrival_flooded_house, layout_rooms, st_stairs_8,
          kennysheep_nondescript
D:2:      layout_loops_ring, old_standard_altar, lemuel_doored_altar

Skill      XL: |  1  2 |
---------------+-------+-----
Fighting       | 2 |  2.1
Axes           | |  2.6
Armour         | |  1.7
Dodging        | |  2.7
Stealth        | |  0.1
Spellcasting   | |  1.9
Charms         | |  2.9

Action                   || total
-------------------------++-------
Melee: Hand axe          ||   115
 Stab: Sleeping          ||     1
  Eat: Chunk             ||     1
Armor: Leather armour    ||    43
Dodge: Dodged            ||    93

Table legend:
 A = Non-vault XP
 B = Vault XP
 C = Vault XP percentage of total XP
 D = Non-vault monster count
 E = Vault monster count
 F = Vault count percentage of total count
                 A         B        C        D         E       F
            +---------+---------+-------+---------+---------+-------
      Total |      57 |       2 |   3.4 |      33 |       1 |   2.9
            +---------+---------+-------+---------+---------+-------
        D:1 |      10 |       2 |  16.7 |       7 |       1 |  12.5
        D:2 |      47 |       0 |   0.0 |      26 |       0 |   0.0
            +---------+---------+-------+---------+---------+-------
